[Event "German Championship Women 2022"]
[Site "Magdeburg"]
[Date "2022.08.18"]
[Round "6.9"]
[White "Halas, Julia"]
[Black "Voigt, Anastasia"]
[Result "1-0"]
[ECO "D35"]
[WhiteElo "2012"]
[BlackElo "1694"]
[Annotator "TA"]
[PlyCount "75"]
[EventDate "2022.08.14"]
[EventType "swiss"]
[EventCountry "GER"]
[SourceTitle "playchess.com"]
[Source "ChessBase"]
[SourceQuality "1"]
[TimeControl "40/5400+30:1800+30"]

1. d4 d5 2. c4 e6 3. Nc3 Nf6 4. cxd5 exd5 5. Bg5 Be7 6. e3 c6 7. Bd3 O-O 8. Qc2 Nbd7 9. Nge2 Re8 10. O-O Nf8 11. f3 Ng6 {[%emt 0:01:12] 11...g6 gains popularity.} 12. Rad1 Be6 (12... h6 $5 13. Bxf6 Bxf6 $11) 13. Kh1 {[%emt 0:08:00] [#] D36: Queen's Gambit Declined: Exchange Variation: Main line (5 Bg5 c6 6 Qc2).} Nd7 $146 (13... Qc7 14. Bxf6 Bxf6 15. e4 dxe4 16. fxe4 Rad8 17. e5 Be7 18. h3 Kh8 19. Be4 Nf8 20. Nf4 Qb6 21. Nxe6 Nxe6) ({Predecessor:} 13... Qc7 14. Bxf6 Bxf6 15. e4 dxe4 16. fxe4 Rad8 17. e5 Be7 18. h3 Kh8 19. Be4 Nf8 20. Nf4 Qb6 21. Nxe6 Nxe6 {½-½ (60) Aleksandrov,A (2679)-Kharitonov,A (2561) Moscow 2004}) 14. Bxe7 Qxe7 15. Ng3 {[%emt 0:24:35] White has an edge.} Nf6 16. h3 Rac8 17. Qf2 c5 18. Bb5 Red8 19. f4 Bd7 20. Bd3 Re8 21. f5 (21. e4 $5 dxe4 22. Bxe4 $14) 21... Nf8 22. Rde1 (22. e4 $14 cxd4 23. Qxd4) 22... cxd4 23. exd4 Qd6 24. Qf3 Bc6 25. Nh5 Nxh5 26. Qxh5 Qg3 27. Rd1 Re3 (27... Nd7 $11 {keeps the balance.}) 28. Ne2 $1 $16 Qc7 (28... Qd6 $16) 29. f6 $1 $18 {[%emt 0:00:07] Black must now prevent Qg5.} (29. Qg5 Ree8 $14) 29... Ng6 {[%emt 0:01:49] [#]} 30. fxg7 (30. Nf4 $1 $18 ) 30... Kxg7 31. Qf5 {[%emt 0:01:03] Nf4 is the strong threat.} (31. Qg5 Qe7 32. Qf5 Bd7 $16) 31... Rce8 (31... Rd8 $16 32. Nf4 (32. Qg5 Qe7 $16) 32... Qe7 33. Nh5+ Kh8) 32. Nf4 {[%emt 0:01:19] aiming for Nh5+.} Qe7 {[%emt 0:11:27] [#]} 33. Nh5+ $1 ({Weaker is} 33. Nxd5 Bxd5 34. Qxd5 Rd8 $16) 33... Kf8 34. Nf6 {[%emt 0:00:11] Threatens to win with Qh5.} Rd8 (34... Re6 $142 35. Nxe8 Qxe8) 35. Nxh7+ (35. Qh5 $142 Qe6 36. Nxh7+ Ke8 37. Ng5 Rxd3 38. Nxe6 Rxd1 39. Rxd1) 35... Kg7 36. Nf6 ({Less strong is} 36. Ng5 Rf8 $16) 36... Rd6 37. Ng4 Bd7 {[%emt 0:01:14] [#]} (37... Rde6 $142 38. Nxe3 Rxe3) 38. Nxe3 $1 {[%emt 0:00:18] Weighted Error Value: White=0.33/Black=0.41} 1-0

[Event "German Championship Women 2022"]
[Site "Magdeburg"]
[Date "2022.08.18"]
[Round "6.10"]
[White "Spiel, Marianne"]
[Black "Storkebaum, Ulrike"]
[Result "0-1"]
[ECO "C83"]
[WhiteElo "1893"]
[BlackElo "1768"]
[Annotator "NA RC"]
[PlyCount "142"]
[EventDate "2022.08.14"]
[EventType "swiss"]
[EventCountry "GER"]
[SourceTitle "playchess.com"]
[Source "ChessBase"]
[SourceQuality "1"]
[TimeControl "40/5400+30:1800+30"]

1. e4 e5 2. Nf3 Nc6 3. Bb5 a6 4. Ba4 Nf6 5. O-O Nxe4 6. d4 b5 7. Bb3 d5 8. dxe5 Be6 9. c3 Be7 10. Qe2 Nc5 11. Bc2 O-O 12. Bf4 Qd7 13. Nbd2 d4 14. cxd4 Nxd4 15. Nxd4 Qxd4 16. Be3 Qxe5 $15 17. Nf3 Qh5 18. Bxc5 Bxc5 19. Rfe1 Bd6 20. h3 Rfe8 21. Qd2 Rad8 22. Qc3 Bd5 23. Bd1 Rxe1+ 24. Nxe1 Qg6 25. Bf3 Be6 26. Kf1 b4 27. Qe3 Qf6 28. Nd3 Bc4 29. Rd1 Bb5 30. b3 Re8 31. Qd2 Qd4 32. Be2 a5 33. Nc1 Bxe2+ 34. Nxe2 Qxd2 35. Rxd2 Re5 36. Rc2 Rd5 37. g3 Kf8 38. Nc1 Ke7 39. Ke2 Kd7 40. Nd3 Rf5 41. Rc4 Rb5 42. Rh4 h6 43. Rg4 g6 44. Rc4 f5 45. Nb2 Ke6 46. Rc2 Rb8 47. Nc4 Ra8 48. Nxd6 cxd6 49. Kd3 Kd5 50. Rc7 a4 51. Rc4 axb3 52. axb3 Rb8 53. Ke3 Re8+ 54. Kd3 Re4 55. Rc1 g5 56. Ra1 Rd4+ 57. Ke2 f4 58. Ra5+ Ke6 59. Ra1 Ke5 60. Ra5+ Rd5 61. Ra1 Rc5 62. Rb1 fxg3 63. fxg3 Rc3 64. Kf2 d5 65. Re1+ Kf5 66. Rb1 d4 67. Kg2 Ke4 68. h4 g4 69. Re1+ Re3 70. Rb1 Re2+ 71. Kf1 d3 0-1

[Event "German Championship Women 2022"]
[Site "Magdeburg"]
[Date "2022.08.18"]
[Round "6.11"]
[White "Perez Celis, Alba"]
[Black "Petersen, Sophie"]
[Result "1-0"]
[ECO "B51"]
[WhiteElo "1816"]
[BlackElo "1597"]
[Annotator "NA RC"]
[PlyCount "57"]
[EventDate "2022.08.14"]
[EventType "swiss"]
[EventCountry "GER"]
[SourceTitle "playchess.com"]
[Source "ChessBase"]
[SourceQuality "1"]
[TimeControl "40/5400+30:1800+30"]

1. e4 c5 2. Nf3 d6 3. Bb5+ Nd7 4. c3 Ngf6 5. Qe2 a6 6. Ba4 b5 7. Bc2 Bb7 8. d4 Rc8 9. O-O e6 10. a4 b4 11. Rd1 Be7 12. e5 dxe5 13. dxe5 Nd5 14. c4 N5b6 15. a5 Na8 16. Bf4 g5 17. Be3 Qc7 18. Ba4 Bc6 19. Bxc6 Qxc6 20. Bxg5 Bxg5 21. Nxg5 Rg8 22. Ne4 Ke7 23. f4 Rcd8 24. Nbd2 Nc7 25. Nd6 Ne8 26. N2e4 Nxd6 27. Rxd6 Qb7 28. Rad1 Qc8 29. Qh5 1-0

[Event "German Championship Women 2022"]
[Site "Magdeburg"]
[Date "2022.08.18"]
[Round "6.12"]
[White "Heil, Marina"]
[Black "Mader, Lena"]
[Result "1/2-1/2"]
[ECO "A16"]
[WhiteElo "1926"]
[BlackElo "1826"]
[Annotator "NA RC"]
[PlyCount "142"]
[EventDate "2022.08.14"]
[EventType "swiss"]
[EventCountry "GER"]
[SourceTitle "playchess.com"]
[Source "ChessBase"]
[SourceQuality "1"]
[TimeControl "40/5400+30:1800+30"]

1. c4 Nf6 2. Nc3 g6 3. g3 Bg7 4. Bg2 d6 5. e4 e5 6. Nge2 Nc6 7. d3 O-O 8. O-O Bg4 {[%emt 0:01:11] 8...Nd7 is setting a new trend.} 9. f3 Be6 10. Nd5 Ne7 11. Be3 {[%emt 0:09:51] [#]} Nd7 $146 ({Predecessor:} 11... c6 $11 12. Nxe7+ Qxe7 13. Rb1 d5 14. Qc1 dxc4 15. dxc4 Rfd8 16. b3 b6 17. Qc2 Rd7 {0-1 (60) Kemendi,D (1800)-Nemeth,G (1987) Balatonlelle 2013}) 12. d4 Nb6 13. b3 f5 14. Ndc3 Nd7 (14... fxe4 $14 15. fxe4 Rxf1+ 16. Qxf1 Qd7) 15. Qc2 Rb8 16. d5 Bf7 17. Bxa7 Ra8 18. Be3 Nf6 19. b4 Be8 20. a4 Bd7 21. Rfb1 fxe4 22. fxe4 Ng4 23. Bd2 Nf2 24. Nd1 Nh3+ 25. Kh1 Rf6 26. Ng1 Qf8 27. Be3 Nxg1 28. Kxg1 Bh6 29. a5 Bg4 30. Qd2 Bxe3+ 31. Nxe3 Qh6 32. Rf1 Rxf1+ 33. Rxf1 Bh3 34. Qf2 Bxg2 35. Qf7+ Kh8 36. Nxg2 Qg7 37. Qf2 Ng8 38. Ne1 Nh6 39. h3 Kg8 40. Nd3 Nf7 41. Kg2 Ng5 42. Qe3 h6 43. c5 Qd7 44. g4 Kg7 45. Kg3 Nh7 $18 (45... Qb5 $16) 46. Rc1 Rf8 47. cxd6 cxd6 48. Qb6 Rf7 49. b5 Ng5 50. Nf2 h5 51. a6 bxa6 52. bxa6 hxg4 53. hxg4 Qa4 54. Rc7 Nxe4+ 55. Nxe4 Qxe4 56. Rxf7+ Kxf7 57. Qc7+ Kg8 58. Qd8+ Kg7 59. Qe7+ Kg8 60. Kh4 Qe1+ 61. Kg5 Qe3+ 62. Kxg6 Qe4+ 63. Kh5 Qh1+ 64. Kg6 Qe4+ 65. Kf6 Qf4+ 66. Ke6 Qxg4+ 67. Kxd6 Qb4+ 68. Ke6 Qg4+ 69. Kxe5 Qe2+ 70. Kd6 Qxa6+ 71. Kd7 Qb5+ 1/2-1/2

[Event "German Championship Women 2022"]
[Site "Magdeburg"]
[Date "2022.08.18"]
[Round "7.1"]
[White "Muetsch, Annmarie"]
[Black "Schulze, Lara"]
[Result "1/2-1/2"]
[ECO "B31"]
[WhiteElo "2249"]
[BlackElo "2292"]
[Annotator "TA"]
[PlyCount "171"]
[EventDate "2022.08.14"]
[EventType "swiss"]
[EventCountry "GER"]
[SourceTitle "playchess.com"]
[Source "ChessBase"]
[SourceQuality "1"]
[TimeControl "40/5400+30:1800+30"]

1. e4 c5 2. Nf3 Nc6 3. Bb5 g6 4. Bxc6 bxc6 5. d4 Bg7 6. dxc5 {[%emt 0:00:10] B31: Sicilian: 2...Nc6 3 Bb5 g6.} Qa5+ 7. Nbd2 Nf6 8. O-O {[%emt 0:01:07] White is slightly better.} Qxc5 9. h3 d6 {[%emt 0:09:13] [#] Prevents e5.} 10. Re1 $146 ({Predecessor:} 10. c4 O-O 11. Rb1 Qa5 12. a3 c5 13. b4 Qc7 14. Bb2 Bb7 15. Re1 Rfd8 16. b5 {1-0 (34) Nevednichy,V (2531)-Toczek,G (2271) Chess.com INT 2020}) 10... Nd7 {[%emt 0:06:53] Inhibits e5.} 11. c3 (11. Rb1 $11) 11... O-O $15 12. Nb3 Qb6 13. Bg5 Re8 14. Qc1 a5 15. Nbd4 a4 16. Rb1 (16. Bh6 $15) 16... Nc5 $17 17. Qd2 {[%emt 0:04:42] Against Nd3} Qc7 18. Nh2 e5 19. Nc2 f5 20. f3 Be6 21. Nb4 Na6 22. a3 Nc5 23. Rbd1 Bf8 24. Qe2 ({White should play} 24. exf5 gxf5 25. Bh6) 24... Bb3 25. Rd2 h6 26. Bh4 Ne6 27. exf5 gxf5 28. Qd3 Ng7 (28... Qf7 $1 $17 {Strongly threatening ...Nf4.} 29. g4 (29. Nxc6 Nf4 $17) 29... fxg4 30. hxg4 Nf4) 29. Bf6 {[%emt 0:03:32] [#]} (29. g4 $1 $11 {keeps the balance.}) 29... d5 $1 30. Bxg7 e4 $36 {[%emt 0:01:42][%mdl 2048] Black is on the roll.} (30... Qxg7 31. Qxf5 Qf7 32. Qxf7+ (32. Rxe5 Bc5+ 33. Rd4 Qxf5 $11) 32... Kxf7 33. Nxc6 $16) 31. fxe4 fxe4 ({Resist} 31... Kxg7 32. e5 $18 (32. Qd4+ Kh7 $11)) 32. Qf1 Bxg7 $19 33. Qf5 Qg3 {[%emt 0:04:00] Against Qg6} 34. Rf1 (34. Rf2 $17) 34... Bc4 {[%emt 0:01:59] White must now prevent ...Rf8.} ({Don't blunder} 34... Rf8 $2 35. Qe6+ Kh8 36. Rdf2 $19) 35. Nxc6 $2 (35. Rdf2 Qd6 36. Qg4 Bxf1 37. Nxf1) 35... e3 36. Qf7+ Kh8 37. Ne7 Rxe7 38. Qxe7 exd2 39. Rd1 Qf4 40. Nf3 Bf8 41. Qe6 Bc5+ 42. Kh1 Qd6 43. Qxd6 Bxd6 44. Nxd2 Bf4 (44... Be2 $142 45. Re1 Re8) 45. Nxc4 dxc4 {[%emt 0:00:03][%mdl 4096] Endgame KRB-KR} 46. g3 Bxg3 47. Rd4 Rc8 48. Kg2 Be5 49. Rd5 Bf4 50. Kf3 Bc1 51. Rb5 Kg7 52. h4 (52. Rb4 {was worth a try.}) 52... Kf6 53. Ke4 Re8+ 54. Kd4 Re2 55. Kxc4 Rxb2 56. Rxb2 (56. Rb4 $19) 56... Bxb2 {[%emt 0:00:01] KB-K3P} 57. Kb4 Kf5 58. c4 Kg4 $2 (58... h5 {mates} 59. Kxa4 Bf6 60. Kb3 Bxh4 61. Kb4 Bd8 62. Kc5 h4 63. Kd6 h3 64. Kd7 Ba5 65. Kc6 h2 66. c5 h1=Q+ 67. Kb5 {[#]} Ke6 $1 68. Kxa5 Qb1 69. Ka6 Kd5 70. Ka7 Kxc5 71. Ka8 Kc6 72. Ka7 Qb7#) 59. c5 $11 {[%emt 0:00:00] The position is equal.} Kxh4 {[%emt 0:00:16] KB-KPP} 60. c6 {[%emt 0:00:00] Hoping for c7.} Be5 61. Kxa4 Kg5 62. Kb5 h5 63. a4 $1 h4 64. a5 h3 65. a6 h2 (65... Bb8 $2 66. c7 h2 67. cxb8=Q $18) 66. a7 h1=Q 67. a8=Q Qd5+ 68. Ka6 Qa2+ 69. Kb7 Qb3+ 70. Kc8 Kf6 71. Qa7 $1 Qg8+ 72. Kb7 Qf7+ 73. Ka6 Qc4+ 74. Kb7 Bd4 75. Qxd4+ Qxd4 76. c7 Qb4+ 77. Ka8 Qa5+ 78. Kb8 Qb6+ 79. Ka8 Qc6+ 80. Kb8 Qd6 81. Kb7 Qd7 {[%emt 0:00:30] ( -> ...Ke6)} 82. Kb8 Qb5+ 83. Ka8 Qa6+ 84. Kb8 Ke7 85. c8=Q Qxc8+ 86. Kxc8 {[%emt 0:00:04] And White is the lucky defender.  Weighted Error Value: White=0.53/Black=0.27 (precise)} 1/2-1/2

[Event "German Championship Women 2022"]
[Site "Magdeburg"]
[Date "2022.08.18"]
[Round "7.2"]
[White "Braun, Kristin"]
[Black "Voicu-Jagodzinsky, Carmen"]
[Result "0-1"]
[ECO "C01"]
[WhiteElo "1897"]
[BlackElo "2258"]
[Annotator "NA RC"]
[PlyCount "84"]
[EventDate "2022.08.14"]
[EventType "swiss"]
[EventCountry "GER"]
[SourceTitle "playchess.com"]
[Source "ChessBase"]
[SourceQuality "1"]
[TimeControl "40/5400+30:1800+30"]

1. e4 e6 2. d4 d5 3. exd5 exd5 4. Nf3 Nf6 5. c4 Bb4+ 6. Nc3 O-O 7. Be2 Nc6 8. h3 dxc4 9. Bxc4 Qe7+ 10. Be3 Na5 11. Bd3 Nd5 12. Qd2 f5 13. O-O Bxc3 14. bxc3 f4 15. c4 fxe3 16. Qxa5 Nf4 17. Qe5 Qxe5 18. Nxe5 exf2+ 19. Rxf2 Bxh3 20. Be4 Rad8 21. Raf1 g5 22. Bxb7 Bf5 23. Rd2 Rxd4 24. Rxd4 Ne2+ 25. Kh2 Nxd4 26. Rd1 c5 27. Rf1 Be6 28. Re1 Rb8 29. Nc6 Rxb7 30. Nxd4 Bxc4 31. Re8+ Kf7 32. Rc8 cxd4 33. Rxc4 Rd7 34. Kg3 d3 35. Rc1 d2 36. Rd1 Kf6 37. Kf3 h5 38. Ke4 h4 39. Kf3 Kf5 40. Kf2 Kf4 41. a4 a5 42. Kf1 Ke3 0-1

[Event "German Championship Women 2022"]
[Site "Magdeburg"]
[Date "2022.08.18"]
[Round "7.3"]
[White "Falke, Ornella"]
[Black "Kunze, Kerstin"]
[Result "1/2-1/2"]
[ECO "D37"]
[WhiteElo "1912"]
[BlackElo "2020"]
[Annotator "NA RC"]
[PlyCount "94"]
[EventDate "2022.08.14"]
[EventType "swiss"]
[EventCountry "GER"]
[SourceTitle "playchess.com"]
[Source "ChessBase"]
[SourceQuality "1"]
[TimeControl "40/5400+30:1800+30"]

1. d4 Nf6 2. c4 e6 3. Nf3 d5 4. Nc3 Be7 5. cxd5 exd5 6. Bf4 O-O 7. e3 h6 8. Bd3 Re8 9. Qc2 a6 10. h3 Nc6 11. a3 Bd6 12. Bxd6 Qxd6 13. O-O Bd7 14. b4 b5 15. Rac1 Re7 16. Nd2 Na7 17. Nb3 Nc8 18. Ne2 Ra7 19. Nc5 Nb6 20. Nc3 c6 21. Rfe1 Ra8 22. Rcd1 Be8 23. f3 a5 24. Qb2 axb4 25. axb4 Qg3 26. e4 Nh5 27. Ne2 Qg5 28. Nb3 Nc4 29. Bxc4 bxc4 30. Nc5 Qe3+ 31. Kh2 Rea7 32. Qc3 Qg5 33. Qd2 Qh4 34. g3 Nxg3 35. Qf4 Nf5 36. exf5 Qf2+ 37. Kh1 Ra2 38. Qh2 Qxf3+ 39. Qg2 Qxf5 40. Ng3 Qc8 41. Re2 Rxe2 42. Nxe2 Ra3 43. Nf4 Qf5 44. Rf1 Rc3 45. Qe2 Bd7 46. Nfe6 Be8 47. Nf4 Bd7 1/2-1/2

[Event "German Championship Women 2022"]
[Site "Magdeburg"]
[Date "2022.08.18"]
[Round "7.4"]
[White "Moenster, Madita"]
[Black "Birkholz, Olga"]
[Result "1-0"]
[ECO "B10"]
[WhiteElo "1864"]
[BlackElo "2002"]
[Annotator "NA RC"]
[PlyCount "86"]
[EventDate "2022.08.14"]
[EventType "swiss"]
[EventCountry "GER"]
[SourceTitle "playchess.com"]
[Source "ChessBase"]
[SourceQuality "1"]
[TimeControl "40/5400+30:1800+30"]

1. e4 c6 2. Nf3 d6 3. d4 g6 4. Bd3 Bg7 5. O-O Nf6 6. Qe2 O-O 7. c3 Qc7 8. e5 Nd5 9. Re1 Bg4 10. exd6 exd6 11. h3 Bd7 12. Bd2 a5 13. Na3 Na6 14. Qd1 b5 15. Nc2 Rfe8 16. Ng5 Rxe1+ 17. Qxe1 Re8 18. Qd1 h6 19. Ne4 c5 20. dxc5 Nxc5 21. Nxc5 dxc5 22. Qf3 c4 23. Bxg6 fxg6 24. Qxd5+ Kh7 25. Nd4 Rd8 26. Qf3 Rf8 27. Qe2 Re8 28. Be3 Bxd4 29. cxd4 Bf5 30. Qd2 h5 31. Bf4 Qd8 32. Rd1 Bd3 33. Be5 Rf8 34. Re1 Rf7 35. Qe3 b4 36. a3 Qd5 37. axb4 axb4 38. Ra1 Qe4 39. Qg5 Qf5 40. Ra8 Qxf2+ 41. Kh2 Rg7 42. Rh8+ Kxh8 43. Qh6+ Kg8 1-0

[Event "German Championship Women 2022"]
[Site "Magdeburg"]
[Date "2022.08.18"]
[Round "7.5"]
[White "Bazzazi, Elnaz"]
[Black "Wartenberg, Alissa"]
[Result "1-0"]
[ECO "B40"]
[WhiteElo "1766"]
[BlackElo "1632"]
[Annotator "NA RC"]
[PlyCount "79"]
[EventDate "2022.08.14"]
[EventType "swiss"]
[EventCountry "GER"]
[SourceTitle "playchess.com"]
[Source "ChessBase"]
[SourceQuality "1"]
[TimeControl "40/5400+30:1800+30"]

1. e4 c5 2. Nf3 e6 3. d3 d5 4. Nbd2 Nc6 5. g3 Nf6 6. Bg2 Bd6 7. O-O d4 8. Nc4 e5 9. Nxd6+ Qxd6 10. Ng5 h6 11. Nh3 g5 12. f4 gxf4 13. gxf4 Rg8 14. Kh1 Ng4 15. Qe1 Qg6 16. Rg1 Nb4 17. Qe2 Qh5 18. fxe5 Nf2+ 19. Qxf2 Bxh3 20. Bf4 Bxg2+ 21. Rxg2 Rxg2 22. Qxg2 O-O-O 23. Bg3 Nc6 24. Rf1 Rg8 25. Qf2 Nxe5 26. Qf5+ Qxf5 27. Rxf5 Nd7 28. Rxf7 b6 29. Rh7 Rg6 30. Kg2 Rf6 31. c3 a5 32. cxd4 cxd4 33. Bf2 Rd6 34. Kf1 Nc5 35. Ke2 Na4 36. e5 Rg6 37. Bxd4 Rg2+ 38. Ke3 Rxh2 39. e6 Rh3+ 40. Kf4 1-0

[Event "German Championship Women 2022"]
[Site "Magdeburg"]
[Date "2022.08.18"]
[Round "7.6"]
[White "Fock, Sana"]
[Black "Halas, Julia"]
[Result "0-1"]
[ECO "C06"]
[WhiteElo "1807"]
[BlackElo "2012"]
[Annotator "NA RC"]
[PlyCount "107"]
[EventDate "2022.08.14"]
[EventType "swiss"]
[EventCountry "GER"]
[SourceTitle "playchess.com"]
[Source "ChessBase"]
[SourceQuality "1"]
[TimeControl "40/5400+30:1800+30"]

1. e4 e6 2. d4 d5 3. Nd2 Nf6 4. e5 Nfd7 5. Bd3 c5 6. c3 Nc6 7. Ne2 cxd4 8. cxd4 f6 9. exf6 Nxf6 10. Nf3 Bd6 11. O-O Qc7 12. Bg5 O-O 13. Bh4 Nh5 14. Qc2 h6 15. Bh7+ Kh8 16. Bg6 Rxf3 17. Bxh5 Rf5 18. Bg6 Bxh2+ 19. Kh1 Bd6 20. Qd3 Rf8 21. Rac1 Bd7 22. f4 Be8 23. Rf3 Bxg6 24. Qxg6 Qf7 25. Qxf7 Rxf7 26. Rb3 Raf8 27. Rf3 Kg8 28. Rcf1 Be7 29. Bxe7 Rxe7 30. Re3 g6 31. Kg1 Kf7 32. Rh3 h5 33. g4 hxg4 34. Rg3 Kf6 35. Rxg4 Rh8 36. Rf2 Reh7 37. Rfg2 Rh1+ 38. Kf2 R8h6 39. R4g3 Rd1 40. Rb3 b6 41. Ra3 Rhh1 42. Rag3 Rhf1+ 43. Ke3 Ne7 44. Nc3 Nf5+ 45. Ke2 Nxd4+ 46. Ke3 Nf5+ 47. Ke2 Nxg3+ 48. Rxg3 Rde1+ 49. Kd2 Rg1 50. Rh3 Rh1 51. Rxh1 Rxh1 52. Ne2 Rh2 53. Kd3 Rxe2 54. Kd4 0-1

[Event "German Championship Women 2022"]
[Site "Magdeburg"]
[Date "2022.08.18"]
[Round "7.7"]
[White "Basovskiy, Jana"]
[Black "Bluebaum, Johanna"]
[Result "1/2-1/2"]
[ECO "C00"]
[WhiteElo "1867"]
[BlackElo "2013"]
[Annotator "NA RC"]
[PlyCount "108"]
[EventDate "2022.08.14"]
[EventType "swiss"]
[EventCountry "GER"]
[SourceTitle "playchess.com"]
[Source "ChessBase"]
[SourceQuality "1"]
[TimeControl "40/5400+30:1800+30"]

1. e4 e6 2. d3 d5 3. Nd2 Nf6 4. Ngf3 b6 5. c3 Be7 6. Qa4+ Nfd7 7. d4 c5 8. Bd3 O-O 9. O-O a5 10. Re1 Ba6 11. Bb1 Re8 12. Qc2 Nf8 13. Nf1 Nc6 14. Be3 Ng6 15. dxc5 bxc5 16. exd5 exd5 17. Ng3 Qb6 18. Rd1 Rad8 19. b3 d4 20. cxd4 cxd4 21. Bg5 f6 22. Bd2 d3 23. Qb2 Bc5 24. Bc3 Nce5 25. Nxe5 fxe5 26. Ne4 Bd4 27. Bxd3 Bxd3 28. Rxd3 Nf4 29. Rg3 Qa6 30. Re1 Qc6 31. h3 Re6 32. Kh2 Rg6 33. Bxd4 Rxd4 34. Qc3 Qa8 35. Rxg6 Nxg6 36. f3 h6 37. Rc1 Qf8 38. Qc8 Rd8 39. Qg4 Kh7 40. Rc6 Nf4 41. Rc5 Rd2 42. Nxd2 Qxc5 43. Qf5+ Kg8 44. Ne4 Qc7 45. Nd2 Qc5 46. Nc4 Qf2 47. Qc8+ Kh7 48. Qg4 Ne2 49. Qf5+ Kg8 50. Qe6+ Kh8 51. Qc8+ Kh7 52. Qf5+ Kg8 53. Qe6+ Kf8 54. Qd6+ Kg8 1/2-1/2

[Event "German Championship Women 2022"]
[Site "Magdeburg"]
[Date "2022.08.18"]
[Round "7.8"]
[White "Zhou, Lepu Coco"]
[Black "Perez Celis, Alba"]
[Result "1-0"]
[ECO "C78"]
[WhiteElo "1986"]
[BlackElo "1816"]
[Annotator "NA RC"]
[PlyCount "121"]
[EventDate "2022.08.14"]
[EventType "swiss"]
[EventCountry "GER"]
[SourceTitle "playchess.com"]
[Source "ChessBase"]
[SourceQuality "1"]
[TimeControl "40/5400+30:1800+30"]

1. e4 e5 2. Nf3 Nc6 3. Bb5 a6 4. Ba4 Nf6 5. O-O b5 6. Bb3 Bc5 7. c3 d6 8. d4 Bb6 9. h3 Bb7 10. Re1 Ne7 11. Nbd2 Ng6 12. a4 O-O 13. d5 c5 14. Nf1 c4 15. Bc2 Ra7 16. Be3 Bc8 17. axb5 a5 18. N1d2 Bxe3 19. Rxe3 Nf4 20. Nxc4 Bxh3 21. gxh3 Nxh3+ 22. Kf1 Ng4 23. Re1 Qf6 24. Ne3 h5 25. Qe2 Nf4 26. Qd2 Qg6 27. Rec1 h4 28. Nf5 Qh5 29. N3xh4 g6 30. f3 Nf6 31. Qf2 gxf5 32. Nxf5 Qh1+ 33. Qg1+ Qxg1+ 34. Kxg1 Ne2+ 35. Kf2 Nxc1 36. Rxc1 Rd8 37. Ra1 Nh5 38. Rg1+ Kh7 39. Rh1 Kg6 40. Bd1 Rh8 41. Nxd6 Raa8 42. b6 Nf4 43. b7 Rab8 44. Rxh8 Rxh8 45. Nc4 Kf6 46. Nxa5 Rh2+ 47. Kg1 Rxb2 48. Nb3 Rg2+ 49. Kf1 Rg8 50. Nc5 Ke7 51. Na6 Rh8 52. b8=Q Rxb8 53. Nxb8 Kd6 54. Na6 f6 55. c4 Nd3 56. Ke2 Nf4+ 57. Kd2 Nh3 58. c5+ Kd7 59. Ba4+ Kc8 60. d6 Ng5 61. c6 1-0

[Event "German Championship Women 2022"]
[Site "Magdeburg"]
[Date "2022.08.18"]
[Round "7.9"]
[White "Peglau, Dora"]
[Black "Just, Anita"]
[Result "1-0"]
[ECO "A40"]
[WhiteElo "1920"]
[BlackElo "1905"]
[Annotator "TA"]
[PlyCount "123"]
[EventDate "2022.08.14"]
[EventType "swiss"]
[EventCountry "GER"]
[SourceTitle "playchess.com"]
[Source "ChessBase"]
[SourceQuality "1"]
[TimeControl "40/5400+30:1800+30"]

1. d4 e6 2. Nf3 f5 3. Bf4 Nf6 4. e3 b6 5. c4 Bb4+ 6. Nbd2 {[%emt 0:00:39] A80: Dutch Defence: Unusual White second moves.} Bb7 7. Bd3 O-O 8. O-O {[%emt 0:02:17] The position is equal.} Bxd2 9. Nxd2 d6 {[%emt 0:04:53] [#]} 10. Qc2 $146 ({Predecessor:} 10. Bg3 Nbd7 11. Re1 Ne4 12. Nxe4 fxe4 13. Be2 a5 14. b3 Qe7 15. a3 h6 16. b4 axb4 17. axb4 Rxa1 18. Qxa1 {½-½ (40) Sjugirov,S (2624)-Bareev,E (2663) Novosibirsk 2012}) 10... Nc6 11. Bg3 Nb4 12. Qc3 Nxd3 13. Qxd3 Qe8 14. c5 (14. f3 $11) 14... dxc5 15. dxc5 Rd8 16. Qc2 Qc6 {[%emt 0:04:41][%csl Gb7,LRc5,LRg2][%cal Rc6g2] [#]} 17. f3 (17. Nf3 $15) 17... Rd5 ({Much worse is} 17... bxc5 $6 18. Rfe1 $11) ({Much weaker is} 17... Qxc5 18. Qxc5 bxc5 19. Nb3 $11) (17... Nd5 $17 18. Bf2 Ba6) 18. Nb3 $11 Rfd8 19. Nd4 Qe8 20. c6 (20. Qb3 $142) 20... Rc5 (20... Ba6 $11 21. Rfe1 (21. Bxc7 $2 Rc8 $17) 21... f4 22. Bxf4 e5) 21. Qb3 $16 {[%emt 0:02:49] White is more active.} Bxc6 22. Qxe6+ ({Don't go for} 22. Nxe6 $2 Bd5 23. Nxg7 Kxg7 $19) 22... Qf7 23. Bxc7 Rd7 24. Qxf7+ Kxf7 25. b4 Rcd5 26. Rac1 ({Better is} 26. Bxb6 $1 Ba4 27. Bc5) 26... Ba4 27. Rc3 (27. Rfe1 $16) 27... Ne8 (27... Rxd4 $11 28. exd4 Nd5) 28. Rfc1 (28. Bf4 $16) 28... g5 $14 29. f4 ({White should try} 29. g3 $14) 29... Nxc7 $11 30. Rxc7 gxf4 31. Rxd7+ Bxd7 {[%emt 0:00:50][%mdl 4096] Endgame KRB-KRN} 32. Kf2 fxe3+ 33. Kxe3 Kg6 34. Rc7 a5 35. Rb7 Re5+ (35... Rd6 $11) 36. Kd3 Bb5+ 37. Nxb5 (37. Kd2 $14 Bf1 38. Rxb6+ Kh5 39. g3) 37... Rxb5 38. bxa5 Rxa5 39. Rxb6+ $14 {[%emt 0:00:08] KR-KR} Kg5 40. Rb2 Kf4 $2 (40... h5 $11 {and Black has nothing to worry.}) 41. Rb4+ $18 Ke5 42. a4 Rd5+ 43. Ke3 (43. Kc3 $18 {Rb5 is the strong threat.} Rd6 44. a5) 43... Rd1 $16 44. Rb5+ Kf6 45. a5 {[%emt 0:00:00] Black must now prevent Rb8.} Ra1 46. Kd4 (46. g3 $142) 46... Ra2 47. Kc5 ({White should play} 47. g3 $16 {aiming for Kc5.} Rxh2 48. Kc5 Rc2+ 49. Kb6) 47... Rxg2 $11 48. a6 Rxh2 49. a7 Ra2 50. Kb6 {[%emt 0:00:00] White threatens Ra5 and mate.} Rxa7 51. Kxa7 {[%emt 0:00:06] KR-KPP} h5 $1 52. Kb6 {[%emt 0:00:24] Threatening mate with Kc5.} h4 53. Kc5 {[%emt 0:00:27] White wants to mate with Kd4.} (53. Rc5 $5 Kg5 54. Re5 $11) 53... Ke5 54. Rb8 {[%emt 0:06:59] Intending Re8+ and mate.} Kf4 $2 {[%emt 0:00:59][%mdl 8192] [#]} (54... h3 $11) 55. Kd4 {[%emt 0:00:37] White mates.} h3 56. Rh8 Kg3 57. Ke3 f4+ 58. Ke2 Kg2 59. Rg8+ Kh1 60. Kf2 Kh2 61. Rh8 f3 62. Rh7 {[%emt 0:00:08] Weighted Error Value: White=0.23 (precise) /Black=0.33} 1-0

[Event "German Championship Women 2022"]
[Site "Magdeburg"]
[Date "2022.08.18"]
[Round "7.10"]
[White "Storkebaum, Ulrike"]
[Black "Voigt, Anastasia"]
[Result "0-1"]
[ECO "C44"]
[WhiteElo "1768"]
[BlackElo "1694"]
[Annotator "NA RC"]
[PlyCount "81"]
[EventDate "2022.08.14"]
[EventType "swiss"]
[EventCountry "GER"]
[SourceTitle "playchess.com"]
[Source "ChessBase"]
[SourceQuality "1"]
[TimeControl "40/5400+30:1800+30"]

1. e4 e5 2. Nf3 Nc6 3. d4 exd4 4. Nxd4 Nf6 5. Bg5 Be7 6. Bxf6 Bxf6 7. c3 Qe7 8. Qd3 Nxd4 9. cxd4 Qb4+ 10. Qc3 Qxd4 11. Qxd4 Bxd4 12. Nc3 O-O 13. Bd3 d6 14. Rb1 c6 15. Ne2 Bb6 16. Ng3 g6 17. O-O Be6 18. b3 Rfe8 19. Kh1 d5 20. e5 Bd7 21. f4 Kg7 22. h3 Re7 23. Rf3 f6 24. exf6+ Kxf6 25. f5 Kg5 26. fxg6 hxg6 27. Ne2 Bc7 28. Rbf1 Rae8 29. Nf4 Bxf4 30. Rxf4 Re3 31. R4f3 Rxf3 32. Rxf3 Kh6 33. Rf7 Bc8 34. Kh2 Re3 35. Bf1 Re1 36. Rf8 Bf5 37. Kg1 Bd3 38. g3 c5 39. Kg2 Bxf1+ 40. Rxf1 Rxf1 41. Kxf1 0-1